 Dungeon Crawl Stone Soup version 0.24.0-1-gfbc8707122 (webtiles) character file.

Game seed: 9264455238440997719, levelgen mode: deterministic

333822 MTVSty1e the Severer (level 21, -2/144 HPs)
             Began as a Gargoyle Fighter on Oct 28, 2019.
             Was the Champion of Okawaru.
             Killed from afar by an air elemental (4 damage)
             ... with a tornado
             ... summoned by Sojobo
             ... on level 5 of the Vaults.
             The game lasted 01:20:03 (47134 turns).

MTVSty1e the Severer (Gargoyle Fighter)            Turns: 47134, Time: 01:20:04

Health: -2/144     AC: 47    Str: 33    XL:     21   Next: 82%
Magic:  34/35      EV: 16    Int: 13    God:    Okawaru [******]
Gold:   3039       SH: 17    Dex: 11    Spells: 20/20 levels left

rFire    . . .     SeeInvis +   H - +9 broad axe (elec)
rCold    + + +     Gourm    .   M - +0 shield {reflect}
rNeg     + . .     Faith    .   X - +7 plate armour of Vesioh {rPois rC+}
rPois    ∞         Spirit   .   s - -1 hat of Agoraphobia {Slay+3}
rElec    +         Reflect  +   t - +1 cloak of Starlight {rElec rC+ EV+4 Stlth--}
rCorr    .         Harm     .   W - +2 pair of gloves {Str+3}
MR       +....                  (no boots)
Stlth    ..........             (no amulet)
HPRegen  0.34/turn              S - ring of Mysticism {rElec rC+ Str+4 Stlth-}
MPRegen  0.24/turn              Q - ring of Symmetry {rElec Dex+2 SInv}

@: about to teleport, heroism, finesse, flying (expiring), very slightly
contaminated
A: big wings, high mp 1, negative energy resistance 1, electricity resistance,
unbreathing, petrification resistance, rot immunity, AC +16
}: 2/15 runes: barnacled, gossamer
a: Fly, Heroism, Finesse, Renounce Religion


You were on level 5 of the Vaults.
You worshipped Okawaru.
Okawaru was exalted by your worship.
You were not hungry.

You visited 7 branches of the dungeon, and saw 37 of its levels.
You visited the Abyss 1 time.
You also visited: Gauntlet.

You collected 4113 gold pieces.
You spent 1074 gold pieces at shops.

Inventory:

Hand Weapons
 a - a +9 broad axe
 H - a +9 broad axe of electrocution (weapon)
Armour
 s - the -1 hat of Agoraphobia (worn) {Slay+3}
   (Okawaru gifted it to you on level 4 of the Lair of Beasts)

   It affects your accuracy and damage with ranged weapons and melee attacks
   (+3).
 t - the +1 cloak of Starlight (worn) {rElec rC+ EV+4 Stlth--}
   (You found it on level 4 of the Dungeon)

   It affects your evasion (+4).
   It protects you from cold.
   It insulates you from electricity.
   It makes you much less stealthy.
 C - the +0 pair of gloves of Somewhere Else {+Inv Str+4 Int-5}
   (Okawaru gifted it to you on level 1 of the Vaults)

   It affects your strength (+4).
   It affects your intelligence (-5).
   It lets you turn invisible.
 M - a +0 shield of reflection (worn)
 U - a +1 helmet of see invisible
 W - a +2 pair of gloves of strength (worn)
 X - the +7 plate armour of Vesioh (worn) {rPois rC+}
   (You found it in a Gauntlet)

   It protects you from cold.
   It protects you from poison.
Jewellery
 d - an uncursed ring of protection from magic
 i - an uncursed ring of positive energy
 l - the ring of Urellehi {AC+3 Int+2}
   (You found it on level 4 of the Shoals)

   [ring of protection]

   It affects your AC (+3).
   It affects your intelligence (+2).
 p - an uncursed ring of see invisible
 y - the ring of Ges Cos {*Tele Int+4}
   (You found it in a Gauntlet)

   [ring of teleportation]

   It may teleport you next to monsters.
   It affects your intelligence (+4).
 Q - the ring of Symmetry (right hand) {rElec Dex+2 SInv}
   (You bought it in a shop on level 7 of the Dungeon)

   [ring of see invisible]

   It affects your dexterity (+2).
   It insulates you from electricity.
   It lets you see invisible.
 S - the ring of Mysticism (left hand) {rElec rC+ Str+4 Stlth-}
   (You bought it in a shop on level 7 of the Dungeon)

   [ring of attention]

   It affects your strength (+4).
   It protects you from cold.
   It insulates you from electricity.
   It makes you less stealthy.
Wands
 r - a wand of acid (29)
 v - a wand of disintegration (38)
 x - a wand of polymorph (25)
 D - a wand of scattershot (11)
 E - a wand of paralysis (54)
 F - a wand of iceblast (28)
 L - a wand of clouds (4)
 R - a wand of flame (40)
Scrolls
 b - 3 scrolls of amnesia
 e - 3 scrolls of teleportation
 g - 8 scrolls of identify
 h - 18 scrolls of remove curse
 k - 6 scrolls of magic mapping
 m - 7 scrolls of fear
 G - a scroll of summoning
 N - 7 scrolls of enchant armour
 Y - a scroll of silence
Potions
 j - 4 potions of magic
 n - 7 potions of might
 o - 6 potions of invisibility
 q - a potion of agility
 u - 6 potions of cancellation
 z - 16 potions of curing
 A - 4 potions of lignification
 B - 7 potions of brilliance
 I - 3 potions of ambrosia
 K - 5 potions of mutation
 O - 4 potions of haste
 P - 3 potions of resistance
Comestibles
 f - 25 rations


   Skills:
 * Level 19.5(24.5) Fighting
 * Level 20.8(25.8) Axes
 + Level 15.0(20.0) Armour
 - Level 2.1(7.1) Dodging
 - Level 1.5(6.5) Stealth
 + Level 15.0(20.0) Shields
 + Level 15.2 Invocations


You had 20 spell levels left.
You didn't know any spells.
Your spell library contained the following spells:

 Spells                   Type           Power        Failure   Level  Hunger
 Animate Skeleton         Necr           N/A          75%         1    ##.....
 Apportation              Tloc           #.....       75%         1    ##.....
 Beastly Appendage        Tmut           #.....       75%         1    ##.....
 Confusing Touch          Hex            #.....       75%         1    ##.....
 Corona                   Hex            #......      75%         1    ##.....
 Flame Tongue             Conj/Fire      #....        75%         1    ##.....
 Magic Dart               Conj           #...         75%         1    ##.....
 Pain                     Necr           #...         75%         1    ##.....
 Sandblast                Erth           #.....       75%         1    ##.....
 Shock                    Conj/Air       #...         75%         1    ##.....
 Summon Small Mammal      Summ           #...         75%         1    ##.....
 Blink                    Tloc           N/A          86%         2    ###....
 Call Imp                 Summ           #.......     86%         2    ###....
 Passwall                 Tmut/Erth      #.......     86%         2    ###....
 Poisonous Vapours        Pois/Air       #.....       86%         2    ###....
 Slow                     Hex            #.......     86%         2    ###....
 Sticks to Snakes         Tmut           #.......     86%         2    ###....
 Swiftness                Chrm/Air       #.......     86%         2    ###....
 Throw Flame              Conj/Fire      #.....       86%         2    ###....
 Conjure Flame            Conj/Fire      #.......     98%         3    ####...
 Inner Flame              Hex/Fire       #.......     98%         3    ####...
 Mephitic Cloud           Conj/Pois/Air  #.......     98%         3    ####...
 Portal Projectile        Hex/Tloc       #.....       98%         3    ####...
 Regeneration             Chrm/Necr      #.........   98%         3    ####...
 Spider Form              Tmut/Pois      #.........   98%         3    ####...
 Static Discharge         Conj/Air       #.......     98%         3    ####...
 Stone Arrow              Conj/Erth      #.....       98%         3    ####...
 Vampiric Draining        Necr           #.........   98%         3    ####...
 Airstrike                Air            #.........   100%        4    #####..
 Animate Dead             Necr           N/A          100%        4    #####..
 Cause Fear               Hex            #.........   100%        4    #####..
 Ice Form                 Ice/Tmut       #.......     100%        4    #####..
 Leda's Liquefaction      Hex/Erth       #.........   100%        4    #####..
 Petrify                  Tmut/Erth      #.......     100%        4    #####..
 Sticky Flame             Conj/Fire      #.......     100%        4    #####..
 Blade Hands              Tmut           #.........   100%        5    ######.
 Fireball                 Conj/Fire      #.........   100%        5    ######.
 Lee's Rapid Deconstruct  Erth           #.........   100%        5    ######.
 Lightning Bolt           Conj/Air       #.........   100%        5    ######.
 Silence                  Hex/Air        #.........   100%        5    ######.
 Summon Demon             Summ           #.........   100%        5    ######.
 Yara's Violent Unravell  Hex/Tmut       #.........   100%        5    ######.
 Deflect Missiles         Chrm/Air       #.........   100%        6    #######
 Malign Gateway           Summ/Tloc      #.........   100%        7    #######
 Monstrous Menagerie      Summ           #.........   100%        7    #######
 Summon Greater Demon     Summ           #.........   100%        7    #######
 Discord                  Hex            #.........   100%        8    #######
 Summon Horrible Things   Summ           #.........   100%        8    #######
 Shatter                  Erth           #.........   100%        9    #######


Dungeon Overview and Level Annotations

Branches:
Dungeon (15/15)            Temple (1/1) D:7            Lair (6/6) D:8
 Shoals (4/4) Lair:4       Spider (4/4) Lair:4        Slime (0/5) Lair:6
    Orc (2/2) D:10            Elf (0/3) Orc:2        Vaults (5/5) D:14
  Crypt (0/3) Vaults:3     Depths (0/5) D:15        Gauntlet (visited)

Altars:
Ashenzari
Cheibriados
Dithmenos
Elyvilon
Fedhas
Gozag
Hepliaklqana
Kikubaaqudgha
Makhleb
Nemelex Xobeh
Okawaru
Qazlal
Ru
Sif Muna
Trog
Uskayaw
Vehumet
Wu Jian
Xom
Yredelemnul
Zin
The Shining One

Shops:
D:7 =   D:10 !   Orc:2 [(([   Vaults:3 [

Annotations:
D:14 2 runed translucent doors, Imiczer's ghost, journeyman FoFi
Vaults:5 Boris; Sojobo


Innate Abilities, Weirdness & Mutations

You are resistant to torment.
Your stone body is resilient. (AC +16)
You are immune to poison.
Your large and strong wings let you fly indefinitely.
You resist negative energy. (rN+)
You are resistant to electric shocks. (rElec)
You can survive without breathing.
You are immune to petrification.
You are immune to rotting.
You have an increased reservoir of magic. (+10% MP)


Message History

Okawaru accepts your kill.
You slash the two-headed ogre!
The two-headed ogre is moderately wounded.
You dice the two-headed ogre like an onion!!!
The two-headed ogre is almost dead.
Your surroundings suddenly seem different.
A vault warden comes into view.
It is wielding a +1 great mace of venom.
The vault warden shouts!
An ettin and a titan come into view.
As you read the scroll of teleportation, it crumbles to dust.
You feel strangely unstable.
A vortex of raging winds appears around the air elemental!
The vortex of raging winds lifts you up.
You fly up into the air.
* * * LOW HITPOINT WARNING * * *
The vault warden completely misses you. You block the air elemental's attack.
You slash the ettin!
The ettin is lightly wounded.
You slash the vault warden! You slash the air elemental!
You die...

..# ...#
....# .....#
#.....#
#.....##
#....§##
##...§§##
##.C@E§#
##.p§§.#
##§§§§C## #.
###§§§.§## #.
#))##.§§§§##
#. #. #|?[
##.....## #.
#. #....
#...9.## #.
#. #.....
#.....##...#.
# #. #......
##.....##$.c.


You could see a titan, a vault warden, an ettin, a war gargoyle and an air
elemental.

Vanquished Creatures
  Saint Roka (Orc:2)
  Arachne (Spider:3)
  2 liches
  A tentacled monstrosity (Vaults:3)
  Rupert (Orc:2)
  A titan (Vaults:5)
  The ghost of Sianeop the Warrior, an adept GrFi of Cheibriados (Vaults:2)
  An ancient champion (Vaults:3)
  Gastronok (Orc:1)
  A tentacled starspawn (Abyss:2)
  Agnes (Spider:2)
  Polyphemus (Shoals:2)
  A kraken (Shoals:4)
  A tengu reaver (Vaults:2)
  Donald (Spider:1)
  10 vault wardens
  Aizul (Shoals:4)
  A deep elf sorcerer (Vaults:4)
  5 ghost moths (Spider:4)
  Louise (Spider:1)
  5 emperor scorpions
  A deep elf elementalist (Vaults:5)
  10 ironheart preservers
  An angel (Abyss:2)
  A vampire knight (Vaults:3)
  2 entropy weavers
  5 stone giants
  7 starcursed masses (Abyss:2)
  A black draconian (Abyss:2)
  A deep elf annihilator (Vaults:5)
  2 dire elephants
  2 spark wasps (Spider:4)
  A minotaur (Gauntlet)
  A merfolk javelineer (Shoals:4)
  An ettin (Vaults:4)
  2 deep elf death magi
  A crystal guardian (Vaults:4)
  2 fire dragons (Vaults:2)
  6 merfolk impalers (Shoals:4)
  5 great orbs of eyes
  4 ice dragons
  11 hydras
  6 ogre magi
  8 yaktaur captains
  22 vault guards
  3 rakshasas
  8 centaur warriors
  3 merfolk avatars
  27 two-headed ogres
  Erica (D:8)
  6 merfolk aquamancers
  3 catoblepae
  2 alligator snapping turtles
  4 death yaks (Shoals:2)
  2 death knights (Vaults:4)
  5 orc high priests (Orc:2)
  A tengu warrior (D:13)
  Urug (D:10)
  9 deep elf knights
  Nergalle (Lair:3)
  A storm dragon skeleton (Vaults:4)
  A glowing orange brain (Vaults:1)
  A shadow wraith (Vaults:5)
  7 sea snakes
  2 sea snakes (shapeshifter)
  2 unseen horrors
  A kraken simulacrum (Shoals:4)
  3 deep trolls
  10 deep elf archers
  An obsidian statue (Vaults:2)
  6 wizards
  2 necromancers (Vaults:4)
  6 ironbrand convokers
  18 orc knights
  A sphinx zombie (Vaults:4)
  22 orb spiders
  2 orc sorcerers
  28 ugly things
  2 lindwurms (Lair:6)
  22 harpies
  A salamander (Spider:2)
  5 fauns
  21 deep elf magi
  A mana viper (shapeshifter) (Vaults:4)
  2 moths of wrath (Spider:4)
  38 wolf spiders
  14 manticores
  A stone giant skeleton (Abyss:2)
  6 black mambas
  4 frost giant skeletons
  5 water nymphs
  11 cyclopes
  A guardian serpent (shapeshifter) (Vaults:4)
  7 merfolk sirens
  Joseph (D:8)
  An apocalypse crab (Abyss:2)
  A naga mage (D:15)
  18 vault sentinels
  A torpor snail (Spider:4)
  10 spiny frogs
  2 centaur skeletons
  3 freezing wraiths
  15 demonic crawlers
  9 rime drakes
  A spiny frog (shapeshifter) (Vaults:5)
  An efreet (Abyss:2)
  44 yaktaurs
  A kobold demonologist (D:15)
  An ancient zyme (Abyss:2)
  5 komodo dragons
  41 jumping spiders
  8 trolls
  7 meliai
  6 wind drakes
  23 merfolk
  12 hornets
  Prince Ribbit (D:6)
  2 polar bears
  14 blink frogs
  19 slime creatures
  2 human simulacra
  8 snapping turtles
  19 dream sheep
  A hippogriff (shapeshifter) (Vaults:1)
  20 hippogriffs
  2 stone giant simulacra
  3 shadows (Gauntlet)
  Sigmund (D:2)
  56 redbacks
  36 tarantellas
  16 water elementals
  31 yaks
  15 wyverns
  Eustachio (D:6)
  11 basilisks
  3 wraiths
  2 fire bats (Abyss:2)
  3 hungry ghosts
  Grum (D:11)
  A chaos spawn (Abyss:2)
  A golden eye (shapeshifter) (D:13)
  A hog (shapeshifter) (Vaults:4)
  2 neqoxecs (Abyss:2)
  Edmund (D:6)
  4 vampire mosquitoes (D:12)
  5 wargs
  An acid dragon (Vaults:2)
  2 human zombies (Vaults:4)
  A soldier ant (D:9)
  A large abomination (Abyss:2)
  13 water moccasins
  2 hell hounds (Lair:6)
  7 porcupines
  6 sky beasts
  35 orc warriors
  A black bear (D:8)
  2 eyes of draining
  A necrophage (D:11)
  5 ice beasts
  3 small abominations (Abyss:2)
  23 ogres
  An ettin simulacrum (Vaults:4)
  6 phantoms
  A wolf (shapeshifter) (Vaults:4)
  30 wolves
  9 centaurs
  11 crocodiles
  7 big kobolds
  17 bullfrogs
  An ogre simulacrum (Vaults:1)
  A hornet simulacrum (D:8)
  A wyvern skeleton (D:12)
  9 killer bees
  4 scorpions
  An elf simulacrum (Vaults:4)
  10 wights
  5 howler monkeys
  4 electric eels
  3 centaur zombies
  8 crimson imps
  2 quasits
  A bullfrog zombie (D:6)
  25 orc priests
  9 hounds
  9 jellies
  17 orc wizards
  Jessica (D:6)
  2 iguanas
  9 worker ants
  2 hound zombies (D:6)
  A hound skeleton (D:7)
  A worker ant zombie (D:8)
  12 adders
  3 gnolls (D:8)
  4 shadow imps
  A howler monkey simulacrum (D:8)
  A white imp (Gauntlet)
  An adder skeleton (D:4)
  5 worms
  A dart slug (D:2)
  8 leopard geckos
  79 orcs
  A ball python (D:1)
  7 giant cockroaches
  7 goblins
  4 hobgoblins
  10 jackals
  5 quokkas
  A bat (D:1)
  4 frilled lizards
  A jackal zombie (D:8)
  19 kobolds
  8 rats
  2 fungi
  11 plants
  2 starspawn tentacles (Abyss:2)
  2 tentacles (Shoals:4)
1476 creatures vanquished.

Vanquished Creatures (others)
  A yaktaur captain (Vaults:1)
  A satyr (Shoals:4)
  A deep elf archer (Vaults:4)
  A deep troll (Vaults:1)
  An orb spider (Spider:2)
  A cyclops (Shoals:1)
  6 yaktaurs
  A hippogriff (D:8)
  A water elemental (Shoals:3)
  2 crawling corpses (Vaults:5)
  15 fungi
  20 plants
  4 starspawn tentacles (Abyss:2)
  9 tentacles (Shoals:4)
  4 withered plants (Gauntlet)
68 creatures vanquished.

Grand Total: 1544 creatures vanquished

Notes
Turn   | Place    | Note
-------+----------+-------------------------------------------
     0 | D:1      | MTVSty1e the Gargoyle Fighter began the quest for the Orb.
     0 | D:1      | Reached XP level 1. HP: 14/14 MP: 1/1
    56 | D:1      | Reached skill level 2 in Axes
    74 | D:1      | Reached XP level 2. HP: 17/19 MP: 2/2
   611 | D:2      | Reached skill level 3 in Axes
   611 | D:2      | Reached XP level 3. HP: 20/23 MP: 3/3
   826 | D:2      | Noticed Sigmund
   845 | D:2      | Killed Sigmund
   845 | D:2      | Reached skill level 5 in Axes
   845 | D:2      | Reached skill level 1 in Stealth
   845 | D:2      | Reached XP level 4. HP: 16/28 MP: 4/4
   845 | D:2      | Reached XP level 5. HP: 19/32 MP: 5/5
  1313 | D:3      | Reached XP level 6. HP: 36/37 MP: 6/6
  1794 | D:3      | Found a glowing silver altar of Zin.
  1795 | D:3      | Found a shadowy altar of Dithmenos.
  1919 | D:4      | Reached skill level 6 in Axes
  2181 | D:4      | Reached XP level 7. HP: 34/41 MP: 7/7
  2254 | D:4      | Reached skill level 1 in Dodging
  2415 | D:4      | Found the +1 cloak of Starlight {rElec rC+ EV+4 Stlth--}
  2584 | D:4      | Reached skill level 7 in Axes
  2750 | D:5      | Entered Level 5 of the Dungeon
  2844 | D:5      | Found a snail-covered altar of Cheibriados.
  3068 | D:5      | Reached XP level 8. HP: 46/46 MP: 8/8
  3095 | D:5      | Found a blossoming altar of Fedhas.
  3286 | D:6      | Noticed Eustachio
  3294 | D:6      | Killed Eustachio
  3294 | D:6      | Reached skill level 8 in Axes
  3354 | D:6      | Noticed Edmund
  3373 | D:6      | Killed Edmund
  3375 | D:6      | Reached skill level 9 in Axes
  3517 | D:6      | Noticed Prince Ribbit
  3770 | D:6      | Reached skill level 10 in Axes
  3770 | D:6      | Reached XP level 9. HP: 48/51 MP: 9/9
  4023 | D:6      | Killed Prince Ribbit
  4126 | D:6      | Found a sparkling altar of Nemelex Xobeh.
  4126 | D:6      | Noticed Jessica
  4129 | D:6      | Killed Jessica
  4605 | D:7      | Found Weutesup's Jewellery Emporium.
  4780 | D:7      | Found a staircase to the Ecumenical Temple.
  4795 | D:7      | Reached skill level 11 in Axes
  4809 | Temple   | Entered the Ecumenical Temple
  4896 | Temple   | Became a worshipper of Warmaster Okawaru
  5669 | D:8      | Reached * piety under Okawaru
  5768 | D:8      | Noticed Erica
  5777 | D:8      | Killed Erica
  5777 | D:8      | Reached ** piety under Okawaru
  5777 | D:8      | Reached skill level 12 in Axes
  5777 | D:8      | Reached XP level 10. HP: 54/56 MP: 10/10
  5935 | D:8      | Reached skill level 13 in Axes
  6003 | D:8      | Reached *** piety under Okawaru
  6287 | D:8      | Found a shattered altar of Ashenzari.
  6340 | D:8      | Noticed a two-headed ogre
  6348 | D:8      | Killed a two-headed ogre
  6483 | D:8      | Noticed Joseph
  6503 | D:8      | Killed Joseph
  6534 | D:8      | Found a staircase to the Lair.
  6697 | D:8      | Reached **** piety under Okawaru
  6697 | D:8      | Reached XP level 11. HP: 37/60 MP: 11/11
  6703 | D:8      | Reached skill level 14 in Axes
  6828 | D:8      | Noticed a three-headed hydra
  6832 | D:8      | Killed a one-headed hydra
  6832 | D:8      | Reached skill level 5 in Fighting
  6978 | Lair:1   | Entered Level 1 of the Lair of Beasts
  7203 | D:9      | Reached skill level 1 in Invocations
  7391 | D:9      | Noticed a two-headed ogre
  7406 | D:9      | Killed a two-headed ogre
  7406 | D:9      | Reached ***** piety under Okawaru
  7744 | D:9      | Found a radiant altar of Vehumet.
  7904 | D:9      | Noticed a cyan ugly thing
  7940 | D:9      | Killed a cyan ugly thing
  7940 | D:9      | Reached skill level 5 in Armour
  8134 | D:9      | Reached skill level 5 in Shields
  8363 | D:10     | Entered Level 10 of the Dungeon
  8552 | D:10     | Found a staircase to the Orcish Mines.
  8585 | D:10     | Noticed Sonja
  8608 | D:10     | Noticed Sonja
  8608 | D:10     | Sonja changed into Sonja the meliai
  8619 | D:10     | Killed Sonja the meliai
  8886 | D:10     | Noticed Urug
  8906 | D:10     | Killed Urug
  8906 | D:10     | Received a gift from Okawaru
  9526 | D:10     | Reached XP level 12. HP: 58/72 MP: 14/14
  9680 | D:10     | Found Kiesh's Distillery.
  9683 | D:10     | Bought a potion of mutation for 104 gold pieces
  9683 | D:10     | Bought a potion of heal wounds for 65 gold pieces
  9683 | D:10     | Bought a potion of heal wounds for 65 gold pieces
  9699 | D:11     | Received a gift from Okawaru
  9716 | D:11     | Noticed a two-headed ogre
  9735 | D:11     | Killed a two-headed ogre
  9901 | D:11     | Noticed Grum
  9928 | D:11     | Killed Grum
 10021 | D:11     | Noticed a seven-headed hydra
 10048 | D:11     | Killed a three-headed hydra
 10911 | D:12     | Received a gift from Okawaru
 11122 | D:12     | Reached skill level 15 in Axes
 11866 | D:12     | Reached skill level 5 in Invocations
 11877 | D:12     | Noticed a two-headed ogre
 11890 | D:12     | Killed a two-headed ogre
 12967 | Lair:1   | Reached ****** piety under Okawaru
 12967 | Lair:1   | Reached XP level 13. HP: 75/80 MP: 16/16
 13091 | Lair:1   | Found a snail-covered altar of Cheibriados.
 13641 | Lair:2   | Received a gift from Okawaru
 14203 | Lair:2   | Identified a scroll of acquirement
 14206 | Lair:2   | Got a fine helmet
 14217 | Lair:2   | Identified the +1 helmet of the Postmodern Mice {Dex+3}
                  | (You acquired it on level 2 of the Lair of Beasts)
 14521 | Lair:2   | Reached skill level 10 in Fighting
 15673 | Lair:3   | Noticed Nergalle
 15685 | Lair:3   | Killed Nergalle
 16469 | Lair:4   | Found a hole to the Spider Nest.
 17044 | Lair:4   | Received a gift from Okawaru
 17076 | Lair:4   | Got a shimmering hat {god gift}
 17077 | Lair:4   | Identified the -1 hat of Agoraphobia {Slay+3} (Okawaru
                  | gifted it to you on level 4 of the Lair of Beasts)
 17474 | Lair:4   | Found a staircase to the Shoals.
 18186 | Lair:5   | Gained mutation: Your large and strong wings let you fly
                  | indefinitely. [Gargoyle growth]
 18186 | Lair:5   | Reached XP level 14. HP: 86/90 MP: 19/19
 18307 | Lair:5   | Reached skill level 16 in Axes
 18772 | D:7      | Bought the ring of Symmetry {rElec Dex+2 SInv} for 398 gold
                  | pieces
 18772 | D:7      | Bought the ring of Mysticism {rElec rC+ Str+4 Stlth-} for
                  | 442 gold pieces
 18975 | Lair:6   | Entered Level 6 of the Lair of Beasts
 19000 | Lair:6   | Noticed a dire elephant
 20023 | Lair:6   | Noticed a dire elephant
 20040 | Lair:6   | Killed a dire elephant
 20040 | Lair:6   | Received a gift from Okawaru
 20175 | Lair:6   | Found a staircase to the Slime Pits.
 21071 | Lair:6   | Received a gift from Okawaru
 21525 | Lair:5   | HP: 4/92 [dire elephant (16)]
 21889 | Lair:5   | Killed a dire elephant
 22431 | D:13     | Found a gate leading to a gauntlet.
 22444 | Gauntlet | Entered a Gauntlet
 22444 | Gauntlet | Found a transporter.
 22444 | Gauntlet | Found a transporter.
 22445 | Gauntlet | Found a transporter.
 22446 | Gauntlet | Found a transporter.
 22446 | Gauntlet | Found a transporter.
 22449 | Gauntlet | Found a transporter.
 22456 | Gauntlet | Found a transporter.
 22457 | Gauntlet | Found a transporter.
 22458 | Gauntlet | Found a transporter.
 22460 | Gauntlet | Found a transporter.
 22468 | Gauntlet | Found a transporter.
 22469 | Gauntlet | Found a transporter.
 22713 | Gauntlet | Got a wavering pewter ring
 22721 | Gauntlet | Got a bloodstained mace
 22753 | Gauntlet | Reached XP level 15. HP: 73/97 MP: 18/21
 22760 | Gauntlet | Got a shimmering plate armour
 22763 | Gauntlet | Identified the +7 plate armour of Vesioh {rPois rC+} (You
                  | found it in a Gauntlet)
 22764 | Gauntlet | Identified the ring of Ges Cos {*Tele Int+4} (You found it
                  | in a Gauntlet)
 22765 | Gauntlet | Identified the +6 mace of Gepsid {venom, *Slow +Blink
                  | Dex+7} (You found it in a Gauntlet)
 22882 | D:13     | Identified Huul Eclao's Grimoire of Axaxaxas mlö
 22897 | D:13     | Identified the Papyrus of Plaster Cramp
 22910 | D:13     | Identified Joupege's Tome of Combed Thunderclap
 23246 | D:13     | Received a gift from Okawaru
 23613 | D:14     | Noticed Imiczer's ghost (journeyman FoFi)
 23614 | D:14     | Noticed a lich
 23697 | D:14     | Found a gate to the Vaults.
 23733 | D:14     | Found a runed translucent door.
 23737 | D:14     | Found a runed translucent door.
 23739 | D:14     | Noticed a tengu reaver
 24046 | D:14     | Reached skill level 10 in Armour
 24453 | D:15     | Entered Level 15 of the Dungeon
 24505 | D:15     | Reached skill level 10 in Shields
 24552 | D:15     | Reached skill level 10 in Invocations
 24763 | D:15     | Reached skill level 17 in Axes
 24781 | D:15     | Got a dazzling shield
 24782 | D:15     | Identified the cursed +0 shield of Diatoukyph {Stlth+} (You
                  | found it on level 15 of the Dungeon)
 25549 | D:15     | Received a gift from Okawaru
 25761 | D:15     | Found a staircase to the Depths.
 25990 | Orc:1    | Entered Level 1 of the Orcish Mines
 26035 | Orc:1    | Noticed Gastronok
 26049 | Orc:1    | Killed Gastronok
 26269 | Orc:2    | Entered Level 2 of the Orcish Mines
 26269 | Orc:2    | Noticed Rupert
 26284 | Orc:2    | Paralysed by Rupert for 2 turns
 26291 | Orc:2    | Killed Rupert
 26291 | Orc:2    | Reached XP level 16. HP: 94/104 MP: 24/24
 26446 | Orc:2    | Found a staircase to the Elven Halls.
 26497 | Orc:2    | Noticed Saint Roka
 26837 | Orc:2    | Killed Saint Roka
 27755 | Orc:2    | Found Tuuc's Armour Boutique.
 27756 | Orc:2    | Found Pothri Noom's Antique Weapon Shop.
 27763 | Orc:2    | Found Jabe Bos's Antique Weapon Boutique.
 27764 | Orc:2    | Found Hoypou's Antique Armour Boutique.
 28726 | Spider:1 | Entered Level 1 of the Spider Nest
 28726 | Spider:1 | Noticed Donald
 28748 | Spider:1 | Killed Donald
 29041 | Spider:1 | Received a gift from Okawaru
 29723 | Spider:1 | Noticed Louise
 29733 | Spider:1 | Cast into level 2 of the Abyss (Louise)
 29733 | Abyss:2  | Found an ancient bone altar of Kikubaaqudgha.
 29811 | Abyss:2  | Noticed a lich
 29817 | Abyss:2  | Killed a lich
 29817 | Abyss:2  | Received a gift from Okawaru
 29886 | Abyss:2  | Gained mutation: You have an increased reservoir of magic.
                  | (+10% MP) [a neqoxec]
 30114 | Abyss:2  | Noticed a tentacled starspawn
 30124 | Abyss:2  | Killed a tentacled starspawn
 30145 | Spider:1 | Escaped the Abyss
 30165 | Spider:1 | Killed Louise
 30505 | Spider:2 | Reached XP level 17. HP: 106/112 MP: 28/28
 30565 | Spider:2 | Noticed Agnes
 30581 | Spider:2 | Killed Agnes
 30581 | Spider:2 | Reached skill level 18 in Axes
 31838 | Spider:2 | Received a gift from Okawaru
 32105 | Spider:3 | Reached skill level 15 in Fighting
 32643 | Spider:3 | Noticed Arachne
 32658 | Spider:3 | Killed Arachne
 33116 | Spider:3 | Identified the -5 cloak of Compassion {*Corrode +Blink
                  | rPois Int+7} (You found it on level 3 of the Spider Nest)
 33196 | Spider:4 | Entered Level 4 of the Spider Nest
 34064 | Spider:4 | Received a gift from Okawaru
 34234 | Spider:4 | Reached XP level 18. HP: 99/120 MP: 0/30
 34281 | Spider:4 | Got a gossamer rune of Zot
 34700 | Spider:4 | Received a gift from Okawaru
 35390 | Shoals:1 | Entered Level 1 of the Shoals
 35689 | Shoals:1 | Found a runed translucent door.
 36473 | Shoals:2 | Noticed Polyphemus
 36491 | Shoals:2 | Reached skill level 19 in Axes
 36494 | Shoals:2 | Killed Polyphemus
 36494 | Shoals:2 | Received a gift from Okawaru
 37154 | Shoals:3 | Received a gift from Okawaru
 37926 | Shoals:4 | Entered Level 4 of the Shoals
 38143 | Shoals:4 | Reached XP level 19. HP: 123/127 MP: 23/31
 38747 | Shoals:4 | Received a gift from Okawaru
 39263 | Shoals:4 | Noticed Aizul
 39283 | Shoals:4 | Killed Aizul
 39295 | Shoals:4 | Got a barnacled rune of Zot
 39382 | Shoals:4 | Got an ancient golden ring
 39780 | Shoals:4 | Identified the ring of Urellehi {AC+3 Int+2} (You found it
                  | on level 4 of the Shoals)
 40138 | Vaults:1 | Entered Level 1 of the Vaults
 40551 | Vaults:1 | Received a gift from Okawaru
 40566 | Vaults:1 | Got a pair of heavily runed gloves {god gift}
 40572 | Vaults:1 | Identified the +0 pair of gloves of Somewhere Else {+Inv
                  | Str+4 Int-5} (Okawaru gifted it to you on level 1 of the
                  | Vaults)
 42376 | Vaults:2 | Paralysed by a great orb of eyes for 6 turns
 42502 | Vaults:2 | Reached XP level 20. HP: 78/136 MP: 33/33
 42988 | Vaults:2 | Received a gift from Okawaru
 43063 | Vaults:2 | Found a runed translucent gate.
 43063 | Vaults:2 | Found a runed translucent gate.
 43063 | Vaults:2 | Found a runed translucent gate.
 43064 | Vaults:2 | Found an opulent altar of Gozag.
 43064 | Vaults:2 | Found Memu's Assorted Antiques.
 43065 | Vaults:2 | Noticed Sianeop's ghost (adept GrFi)
 43092 | Vaults:2 | Killed Sianeop's ghost
 43742 | Vaults:3 | Reached skill level 20 in Axes
 44498 | Vaults:3 | Found Tiatrosk's Antique Armour Boutique.
 44603 | Vaults:3 | Found a staircase to the Crypt.
 44696 | Vaults:3 | Received a gift from Okawaru
 44700 | Vaults:3 | Identified the +1 hat of the Many Souls {*Drain rN+ Dex+2
                  | SInv} (You acquired it on level 3 of the Vaults)
 44701 | Vaults:3 | Identified the +5 ring mail of Itresch {rF- Str+6 Int+2}
                  | (Okawaru gifted it to you on level 3 of the Vaults)
 45497 | Vaults:4 | Reached XP level 21. HP: 135/142 MP: 35/35
 47009 | Vaults:5 | Entered Level 5 of the Vaults
 47022 | Vaults:5 | Received a gift from Okawaru
 47022 | Vaults:5 | Reached skill level 15 in Invocations
 47065 | Vaults:5 | Noticed a golden dragon
 47071 | Vaults:5 | Received a gift from Okawaru
 47071 | Vaults:5 | Reached skill level 15 in Shields
 47076 | Vaults:5 | Noticed Boris
 47095 | Vaults:5 | Noticed Sojobo
 47101 | Vaults:5 | Reached skill level 15 in Armour
 47101 | Vaults:5 | HP: 6/144 [storm dragon/bolt of lightning (2)]
 47117 | Vaults:5 | HP: 5/144 [vault warden/+7 dire flail of protection (6)]
 47125 | Vaults:5 | HP: 4/144 [vault warden/+0 great sword (2)]
 47133 | Vaults:5 | HP: 2/144 [air elemental/tornado[Sojobo] (4)]
 47134 | Vaults:5 | Killed from afar by an air elemental

Levels and vault maps discovered:
D:1:      tarquinn_simple_flora_water_d, layout_basic
D:2:      layout_basic, uniq_sigmund
D:3:      layout_rooms, gammafunk_temple_overflow_statue, minivault_11
D:4:      layout_basic
D:5:      layout_basic, overflow_temple_1_default, fedhas_ov_isle_minmay,
          first_ration, hangedman_abyss_or_decor_stagger
D:6:      layout_gridville, nemelex_lonely_heart_becter, uniq_eustachio,
          uniq_prince_ribbit1, uniq_edmund
D:7:      layout_basic, minmay_temple_entry_tees, serial_shops, shop
D:8:      layout_loops_corners, lemuel_doored_altar, erik_lair_island,
          serial_ice, serial_ice_b, serial_ice_g, serial_ice_c, serial_ice_m,
          hangedman_ranch [blue_anna_fruit_fields], st_stairs_6,
          serial_park_tiny_2, uniq_joseph, uniq_erica
D:9:      layout_grid_maze, lemuel_round_altar
D:10:     layout_basic, orc_0_dummy, serial_shops, kennysheep_mini, uniq_urug,
          uniq_sonja
D:11:     layout_irregular_city, uniq_grum
D:12:     layout_grid_maze, minmay_quadrilaterals
D:13:     layout_roguey, gauntlet_entry_generic, bh_hangedman_babel_library
D:14:     layout_roguey, david_vaults_5, muffindrake_ghost_dual_entry,
          roderic_serpentine_path
D:15:     grunt_enter_depths_magical_seal, layout_long_grid,
          minmay_misc_feat_rows
Temple:   nicolae_temple_elliptical
Lair:1:   layout_regular_city, basic_altar
Lair:2:   layout_gridlike, beast_lair_carwin_7
Lair:3:   layout_regular_city, serial_bayou_pond_e, grunt_megastairs_5,
          uniq_nergalle
Lair:4:   layout_gridlike, minmay_shoals_entry_hut, dummy_spider_entry,
          chequers_serial_rivers_small_b, chequers_serial_rivers_micro_d
Lair:5:   layout_small_grid, special_room [special_room_mythical_zoo],
          grunt_megastairs_1, lemuel_fruit_tree, infiniplex_staircase_pool
Lair:6:   hangedman_lair_in_review, layout_gridlike, minmay_slime_entry_pillars,
          special_room [special_room_mythical_zoo]
Shoals:1: layout_shoals, nicolae_shoals_stone_sculpture_thing, lightli_airlock
Shoals:2: layout_shoals, nicolae_shoals_water_elemental_grotto, uniq_polyphemus
Shoals:3: layout_shoals
Shoals:4: shoals_end_grunt_ice, layout_shoals, uniq_aizul
Spider:1: layout_spider_delve, uniq_donald, uniq_louise
Spider:2: layout_spider_delve, uniq_agnes
Spider:3: layout_spider_delve, uniq_arachne
Spider:4: spider_rune_water, nicolae_arachne_temple
Orc:1:    layout_diamond_mine, uniq_gastronok
Orc:2:    st_orc_pillars, layout_diamond_mine, uniq_saint_roka, uniq_rupert
Vaults:1: v_misc_28, v_misc_27, v_misc_11, hangedman_vaults_restitches,
          vaults_room_pool, nicolae_vaults_mini_display_case,
          layout_vaults_omnigrid
Vaults:2: ebering_vaults_ghost_gozag, vaults_room_large_hall,
          vaults_room_semicircle, grunt_vaults_diagonal, grunt_vaults_funnel,
          hangedman_vaults_slice, v_misc_23, v_alt_pattern_2,
          hangedman_vaults_pinch, vaults_room_large_hall,
          ontoclasm_vaults_ring_large, nicolae_vaults_ring_of_whatevers,
          vaults_standard_mumra_x, layout_vaults_omnibox
Vaults:3: nicolae_vaults_puzzle_piece, minmay_crypt_entry_simple_sparse,
          nicolae_vaults_hallways_thing, nicolae_vaults_sealed_display,
          hangedman_vaults_nails, nicolae_vaults_little_squares_4,
          vaults_dpeg_hooks, v_misc_2, layout_vaults_chaotic_city, serial_shops,
          shop
Vaults:4: ontoclasm_vaults_spin, vaults_standard_mumra_enter_the_diamond,
          vaults_room_grid, nicolae_vaults_circle_grid_a, vaults_mumra_hexcomb,
          hangedman_vaults_river_flow, v_rooms_4, v_misc_14,
          ontoclasm_vaults_loading_screen, nicolae_vaults_alarming,
          nicolae_vaults_little_squares_1, nicolae_vaults_little_squares_1,
          layout_vaults_ring
Vaults:5: serial_shops, uniq_sojobo, uniq_jory, uniq_boris

Skill      XL: |  1  2  3  4  5  6  7  8  9 10 11 12 13 14 15 16 17 18 19 20 21 |
---------------+----------------------------------------------------------------+-----
Axes           | 2 3 5 6 7 10 12 13 14 15 16 17 18 19 20 | 20.8
Stealth        | 1 |  1.5
Dodging        | 1 2 |  2.1
Fighting       | 7 9 11 12 13 14 15 16 17 18 19 | 19.5
Armour         | 5 6 8 9 10 11 12 13 14 15 | 15.0
Shields        | 5 6 8 9 10 11 12 13 14 15 | 15.0
Invocations    | 3 5 6 8 10 11 12 13 14 15 | 15.2

Action                   |  1- 3 |  4- 6 |  7- 9 | 10-12 | 13-15 | 16-18 | 19-21 || total
-------------------------+-------+-------+-------+-------+-------+-------+-------++-------
Melee: War axe           |    83 |   151 |       |   239 |   778 |       |       ||  1251
       Hand axe          |       |     2 |   354 |   610 |       |       |       ||   966
       Scimitar          |       |       |       |    11 |    55 |       |       ||    66
       Broad axe         |       |       |       |       |   369 |  1295 |  1060 ||  2724
Invok: Heroism           |       |       |       |     5 |    14 |    13 |    14 ||    46
       Finesse           |       |       |       |     1 |     3 |     3 |     6 ||    13
 Abil: Fly               |       |       |       |       |       |     1 |       ||     1
       Stop Flying       |       |       |       |       |       |       |     1 ||     1
Evoke: Wand              |       |       |       |     1 |     6 |     2 |       ||     9
  Use: Potion            |     1 |       |       |     1 |     6 |     4 |     6 ||    18
       Scroll            |       |       |    16 |     1 |    30 |    12 |    24 ||    83
 Stab: Petrified         |       |       |       |       |       |    14 |       ||    14
       Petrifying        |       |       |       |       |       |     1 |       ||     1
  Eat: Ration            |       |     2 |     1 |     7 |    12 |    10 |     7 ||    39
       Chunk             |       |       |     6 |     4 |     4 |     3 |     5 ||    22
Armor: Scale mail        |    41 |   110 |    67 |       |       |       |       ||   218
       Plate armour      |       |       |    59 |   406 |   665 |   669 |   428 ||  2227
Dodge: Dodged            |    24 |    70 |   119 |   219 |   478 |   478 |   311 ||  1699
Block: Shield            |    39 |    77 |    97 |   337 |   630 |   779 |   554 ||  2513
       Reflection        |       |       |       |       |       |    12 |    98 ||   110
       Rpst.: Scimitar   |       |       |       |     1 |     6 |       |       ||     7
